 Dungeon Crawl Stone Soup version 0.30-a0-166-g5d06c95188 (webtiles) character file.

Game seed: 14351338184982586255

48 qw the Shield-Bearer (level 3, 0/23 HPs)
             Began as a Gargoyle Fighter on Sept 28, 2022.
             Slain by an orc wizard
             ... wielding a +2 dagger of venom
              (4 damage)
             ... on level 2 of the Dungeon.
             The game lasted 00:00:37 (2028 turns).

qw the Shield-Bearer (Gargoyle Fighter)             Turns: 2028, Time: 00:00:37

Health: 0/23       AC: 10    Str: 26 (27) XL:     3   Next: 72%
Magic:  3/3        EV:  8    Int:  6 (8)  God:
Gold:   88         SH: 10    Dex:  8 (9)  Spells: 2/2 levels left

rFire   . . .      SeeInvis .    Y - +0 war axe
rCold   . . .      Faith    .    k - +2 kite shield
rNeg    + . .      Spirit   .    b - +0 scale mail
rPois   inf        Reflect  .    (no helmet)
rElec   +          Harm     .    (no cloak)
rCorr   .          Rampage  .    (no gloves)
Will    .....                    (no boots)
Stlth   ..........               f - amulet of the acrobat
HPRegen 0.07/turn                q - +6 ring of strength
MPRegen 0.08/turn                (no ring)

@: no status effects
A: sickness immunity, AC +3, negative energy resistance 1, electricity
resistance, torment resistance 1, petrification resistance
a: no special abilities


You were on level 2 of the Dungeon.
You visited 1 branch of the dungeon, and saw 3 of its levels.

You collected 88 gold pieces.


Innate Abilities, Weirdness & Mutations

You are immune to sickness and miasma.
Your stone body is resilient. (AC +3)
You are immune to poison.
You resist negative energy. (rN+)
You are resistant to electric shocks. (rElec)
You are resistant to unholy torment.
You are immune to petrification.


   Skills:
 - Level 3.2 Fighting
 + Level 3.0 Axes
 - Level 3.2 Armour
 - Level 4.0 Shields


You had 2 spell levels left.
You didn't know any spells.
Your spell library was empty.

Inventory:

Hand Weapons
 a - a +0 mace
 Y - a +0 war axe (weapon)
Missiles
 c - 3 boomerangs (quivered)
Armour
 b - a +0 scale mail (worn)
 k - a +2 kite shield (worn)
Jewellery
 f - an amulet of the acrobat (around neck)
 q - a +6 ring of strength (left hand)
Potions
 d - a potion of might
 e - a potion of experience {unknown}
 g - a potion of berserk rage {unknown}
 j - a potion of lignification {unknown}
 l - a potion of flight {unknown}
 m - a potion of heal wounds
 n - a potion of resistance {unknown}
 o - a potion of attraction {unknown}

Dungeon Overview and Level Annotations

Branches:
Dungeon (3/15)

Altars:


Message History

The orc wizard flickers and vanishes!
Deactivating autopickup; reactivate with Ctrl-A.
Something hits you but does no damage.
There is a stone staircase leading up here.
You closely miss something. Something hits you but does no damage.
You miss something.
Something hits you but does no damage. x2
You miss something.
You hear some strange, mumbled words.
A magic dart appears from out of thin air!
The magic dart hits you.
2018 ||| STAIRDANCE You block something's attack.
You climb upwards.
Reactivating autopickup.
There is a stone staircase leading down here.
You start resting.
Something barely misses you. Something hits you.
Deactivating autopickup; reactivate with Ctrl-A.
You barely miss something.
You hear some strange, mumbled words.
A puff of flame appears from out of thin air!
The puff of flame hits you! Something hits you but does no damage.
You miss something. You block something's attack.
You closely miss something. Something hits you. You block something's attack.
You miss something. Something hits you.
You hit something.
You hear some strange, mumbled words.
Something tries to affect you, but you resist.
Something hits you but does no damage.
You closely miss something. You block something's attack.
You miss something. Something hits you.
You die...

.......##........................
!......##........................
.......##...................###..
......###...................# #..
......# #..........[........# #..
####### #...................# #..
#...............##### #..
#...............# #..
#......)@.......# #.>
#.......{)......# ###
#...............#
#...............#
#################


There were no monsters in sight!

Vanquished Creatures
  An adder (D:2)
  A worm (D:2)
  2 dart slugs
  2 orcs (D:2)
  3 bats
  2 endoplasms
  A giant cockroach (D:1)
  A goblin (D:1)
  5 hobgoblins
  4 ball pythons
  7 kobolds
  2 rats
31 creatures vanquished.

Notes
Turn   | Place    | Note
-------+----------+-------------------------------------------
     0 | D:1      | qw the Gargoyle Fighter began the quest for the Orb.
     0 | D:1      | Reached XP level 1. HP: 14/14 MP: 1/1
     0 | D:1      | 0 ||| qw: Version: 0.2-a-12-gaebbb33
     0 | D:1      | 0 ||| qw: Game counter: 962
     0 | D:1      | 0 ||| qw: Always use a shield: true
     0 | D:1      | 0 ||| qw: God list: Okawaru
     0 | D:1      | 0 ||| qw: Allow faded altars: false
     0 | D:1      | 0 ||| qw: Do Orc after D:15 true
     0 | D:1      | 0 ||| qw: Do second Lair branch before Depths: true
     0 | D:1      | 0 ||| qw: Lair rune preference: random
     0 | D:1      | 0 ||| qw: Plans: Normal, Zot:1-4, God:TSO, Crypt, Tomb,
                  | Pan, Slime:5, Hells, Abyss, Orb
     0 | D:1      | 0 ||| PLANNING D:1-11
     7 | D:1      | 7 ||| Stepping ~*~*~tactically~*~*~ (stealth).
   300 | D:1      | Reached XP level 2. HP: 19/19 MP: 2/2
   531 | D:1      | 531 ||| Stepping ~*~*~tactically~*~*~ (stealth).
   844 | D:1      | 844 ||| UPGRADING to +2 kite shield.
   854 | D:1      | 854 ||| DROPPING +0 buckler.
   855 | D:1      | 855 ||| UPGRADING to +6 ring of strength.
   856 | D:1      | 856 ||| READING scroll labelled PAOCRIEHAB.
   857 | D:1      | 857 ||| READING scroll labelled ZUIHUCZIKEI.
   858 | D:1      | 858 ||| READING scroll labelled AREESA QOPHEP.
   859 | D:1      | 859 ||| READING 2 scrolls labelled QILOVI CIVE.
   860 | D:1      | 860 ||| READING scroll labelled PUDGHI NIEWAJ.
   864 | D:1      | 864 ||| READING scroll labelled FOESYH KOZXAISYL.
   865 | D:1      | 865 ||| DROPPING scroll of poison.
  1040 | D:2      | Reached skill level 3 in Axes
  1089 | D:2      | Reached XP level 3. HP: 9/23 MP: 3/3
  1803 | D:2      | 1803 ||| DROPPING scarf of shadows.
  1804 | D:2      | 1804 ||| UPGRADING to amulet of the acrobat.
  1809 | D:2      | 1809 ||| READING scroll labelled POUDO BIAPPOW.
  1856 | D:2      | 1856 ||| DRINKING 2 fizzy coppery potions.
  1857 | D:2      | 1857 ||| DRINKING 2 fuming inky potions.
  1858 | D:2      | 1858 ||| DROPPING potion of degeneration.
  1880 | D:3      | 1880 ||| Stepping ~*~*~tactically~*~*~ (stealth).
  1882 | D:3      | 1882 ||| Stepping ~*~*~tactically~*~*~ (hiding).
  1883 | D:3      | 1883 ||| STAIRDANCE
  1988 | D:3      | 1988 ||| STAIRDANCE
  1996 | D:2      | Reached skill level 4 in Shields
  2011 | D:2      | 2011 ||| DROPPING +0 club.
  2018 | D:3      | 2018 ||| STAIRDANCE
  2024 | D:2      | HP: 5/23 [something (4)]
  2028 | D:2      | Slain by an orc wizard

Levels and vault maps discovered:
D:1:      amcnicky_arrival_single_pillar, layout_loops_cross
D:2:      layout_basic, nicolae_figureground_sparkle
D:3:      minmay_bubble_buster, layout_loops_ring, mainiacjoe_overflow_brackets,
          hellmonk_ecumenical_altar_arch_garden, serial_shops, shop,
          serial_bayou_pond_e, minmay_misc_feat_columns, hex_tiny

Skill      XL: |  1  2  3 |
---------------+----------+-----
Axes           | 2 3 |  3.0
Shields        | 4 |  4.0
Fighting       | |  3.2
Armour         | |  3.2

Action                   || total
-------------------------++-------
Melee: War axe           ||    93
  Use: Scroll            ||     7
       Potion            ||     2
Armor: Scale mail        ||    30
Dodge: Dodged            ||    22
Block: Buckler           ||     4
       Kite shield       ||    28

Table legend:
 A = Non-vault XP
 B = Vault XP
 C = Vault XP percentage of total XP
 D = Non-vault monster count
 E = Vault monster count
 F = Vault count percentage of total count
                 A         B        C        D         E       F
            +---------+---------+-------+---------+---------+-------
      Total |      69 |       0 |   0.0 |      31 |       0 |   0.0
            +---------+---------+-------+---------+---------+-------
        D:1 |      22 |       0 |   0.0 |      13 |       0 |   0.0
        D:2 |      47 |       0 |   0.0 |      18 |       0 |   0.0
            +---------+---------+-------+---------+---------+-------
